[Event "Team 45 45 League T78"]
[Site "Internet Chess Club"]
[Date "2018.10.28"]
[Round "6"]
[White "janh"]
[Black "fledermaus"]
[Result "1/2-1/2"]
[WhiteElo "1918"]
[BlackElo "1831"]
[Opening "Queen's pawn: Chigorin variation"]
[ECO "D00"]
[Time "15:01:38"]
[TimeControl "2700+45"]

1. d4 d5 2. Nc3 Nf6 3. Bf4 e6 4. Nb5 Na6 5. e3 Be7 6. a3 O-O 7. Nf3 c6 8. Nc3 c5
9. Ne5 Qa5 10. Bd3 c4 11. Be2 Ne4 12. O-O Nxc3 13. bxc3 f6 14. Nf3 b5 15. Qc1
Nc7 16. Qb2 Ne8 17. Nd2 Bd6 18. Bg3 Bxg3 19. hxg3 Nd6 20. Rfb1 Bd7 21. f3 e5 22.
Qb4 Qc7 23. Re1 a5 24. Qb2 Nf5 25. e4 dxe4 26. Nxe4 exd4 27. Rad1 dxc3 28. Qxc3
Bc6 29. a4 Rfd8 30. axb5 Bxb5 31. Rb1 Ba6 32. g4 Nd4 33. Bf1 Kh8 34. Ra1 Bb5 35.
Red1 Ne6 36. Qe3 Rxd1 37. Rxd1 Rd8 38. Rxd8+ Qxd8 39. Nc3 Qd4 40. Qxd4 Nxd4 41.
Nxb5 Nxb5 42. Bxc4 Nd6 43. Bb3 {Game drawn by mutual agreement} 1/2-1/2

[Event "Team 45 45 League T78"]
[Site "Internet Chess Club"]
[Date "2018.10.29"]
[Round "6"]
[White "LookImYourVader"]
[Black "primerpaso"]
[Result "0-1"]
[WhiteElo "1837"]
[BlackElo "1777"]
[Opening "Sicilian: Alapin's variation (2.c3)"]
[ECO "B22"]
[Time "17:00:32"]
[TimeControl "2700+45"]

1. e4 c5 2. c3 d5 3. exd5 Qxd5 4. d4 Nf6 5. Nf3 Bg4 6. Be2 e6 7. h3 Bh5 8. O-O
Be7 9. c4 Qd6 10. dxc5 Qxd1 11. Rxd1 Bxc5 12. Nc3 Nc6 13. a3 a5 14. Bf4 O-O 15.
Na4 Be7 16. Nb6 Rad8 17. Bc7 Rxd1+ 18. Rxd1 Bd8 19. Bxd8 Rxd8 20. Rxd8+ Nxd8 21.
g4 Bg6 22. Nd4 Kf8 23. Nb3 Nc6 24. Nc5 Nd4 25. Kf1 Be4 26. Nbd7+ Nxd7 27. Nxe4
Ke7 28. Ng5 Ne5 29. f4 Ng6 30. f5 Nf4 31. Bd1 exf5 32. gxf5 Nxf5 33. Bf3 Ne3+
34. Kf2 Nxc4 35. Bxb7 Nd3+ 36. Ke2 Ndxb2 37. Bd5 f6 38. Ne6 Kd6 39. Bxc4 Nxc4
40. Nxg7 Nxa3 41. Kd3 Ke5 42. Kc3 Nb5+ 43. Kc4 Nd4 {White resigns} 0-1

[Event "Team 45 45 League T78"]
[Site "Internet Chess Club"]
[Date "2018.10.24"]
[Round "6"]
[White "Portola"]
[Black "chessabc"]
[Result "0-1"]
[WhiteElo "1765"]
[BlackElo "1789"]
[Opening "Queen's pawn game"]
[ECO "D02"]
[Time "19:03:49"]
[TimeControl "2700+45"]

1. d4 d5 2. Nf3 e6 3. c3 Nf6 4. Bg5 Be7 5. Nbd2 b6 6. e3 Bb7 7. Bd3 Nbd7 8. O-O
Nc5 9. dxc5 Bxc5 10. Bxf6 Qxf6 11. Qa4+ c6 12. Qf4 Qe7 13. Qh4 f6 14. Qh5+ Kd7
15. e4 Bd6 16. exd5 cxd5 17. Rfe1 g6 18. Qh3 a6 19. Nd4 Be5 20. Nxe6 Qxe6 21.
Qxe6+ Kxe6 22. f4 Rhf8 23. fxe5 fxe5 24. Rf1 Rfe8 25. Rae1 Re7 26. Be2 Rae8 27.
Bg4+ Kd6 28. Rf6+ Kc7 29. Nf1 Bc6 30. Ne3 d4 31. Nf1 d3 32. Nd2 e4 33. Re3 b5
34. h4 a5 35. g3 Bd5 36. a3 a4 37. Bh3 Rd8 38. Bg2 Rde8 39. Kf2 Bc6 40. Ke1 Bd5
41. Nf1 Re5 42. Bh3 Rg8 43. Kd2 h5 44. Re1 g5 45. Ne3 Bc4 46. Bf5 gxh4 47. gxh4
Rg3 48. Rg6 Rxe3 49. Rxe3 Rxf5 50. Rg2 Rf4 51. Rh2 Be6 52. Rg3 Bg4 53. Ke3 Rf3+
54. Rxf3 Bxf3 55. Rh3 Kd6 56. Rh2 Kd5 57. Rf2 Ke5 58. Rf1 Kf5 59. Rg1 Bg4 60.
Rf1+ Bf3 61. Rg1 Bg4 62. Rf1+ Ke5 63. Rf2 Bf3 64. Rf1 Kd5 65. Rg1 Kc4 66. Rf1
Kb3 67. Rf2 Be2 68. Rf4 Kc2 69. Rf2 Kxb2 70. Kd2 Kxa3 71. Rg2 Kb3 72. Rg1 e3+
73. Kxe3 Kxc3 74. Rc1+ Kb2 75. Kd2 a3 76. Rc5 b4 77. Rc4 b3 {White resigns} 0-1

[Event "Team 45 45 League T78"]
[Site "Internet Chess Club"]
[Date "2018.10.27"]
[Round "6"]
[White "PolishRyszard"]
[Black "room-matt"]
[Result "1/2-1/2"]
[WhiteElo "1828"]
[BlackElo "1838"]
[Opening "Trompowsky attack (Ruth, Opocenský opening)"]
[ECO "A45"]
[Time "03:07:09"]
[TimeControl "2700+45"]

1. d4 Nf6 2. Bg5 d5 3. Bxf6 gxf6 4. c4 c5 5. cxd5 Qxd5 6. Nf3 Nc6 7. Nc3 Qd8 8.
d5 Ne5 9. e4 Bd7 10. Nxe5 fxe5 11. Qh5 Bg7 12. Bd3 Qb6 13. Rb1 Qg6 14. Qxg6 hxg6
15. O-O Rc8 16. Bc4 f5 17. a4 fxe4 18. a5 Bf5 19. Rbd1 Rd8 20. Rfe1 Rh4 21. g3
Rh5 22. Nxe4 Bxe4 23. Rxe4 Rd6 24. Rde1 Rh7 25. f4 exf4 26. Rxe7+ Kd8 27. Kg2
Rd7 28. Rxd7+ Kxd7 29. gxf4 Bh6 30. Kg3 Re7 31. Rxe7+ Kxe7 32. a6 bxa6 33. Bxa6
Bg7 34. b3 Kd6 35. Bc4 Bf6 36. Kg4 Bd8 37. Bd3 Kxd5 38. Bxg6 Bf6 39. Kf5 Be7 40.
Bf7+ Kd6 41. Kg4 Bf6 42. h4 Ke7 43. Bc4 Bg7 44. Kf5 Bh6 45. h5 Kd6 46. Ba6 Kd5
47. Kg6 Bxf4 48. h6 Kd6 49. h7 Be5 50. Kf7 Kc7 51. Kg8 Kb6 52. Bc4 Ka5 53. h8=Q
Bxh8 54. Kxh8 Kb4 55. Kg7 a5 56. Bg8 a4 57. bxa4 Kxa4 58. Kf6 {Game drawn by
mutual agreement} 1/2-1/2

[Event "Team 45 45 League T78"]
[Site "Internet Chess Club"]
[Date "2018.10.27"]
[Round "6"]
[White "ChessRooklift"]
[Black "LinceHispano44"]
[Result "0-1"]
[WhiteElo "1670"]
[BlackElo "1725"]
[Opening "Nimzovich-Larsen attack: classical variation"]
[ECO "A01"]
[Time "11:31:39"]
[TimeControl "2700+45"]

1. b3 d5 2. Bb2 c5 3. e3 Nc6 4. f4 Nf6 5. Nf3 Bg4 6. Be2 Qc7 7. O-O e6 8. h3
Bxf3 9. Bxf3 Bd6 10. c4 dxc4 11. Nc3 cxb3 12. Nb5 Qd7 13. Nxd6+ Qxd6 14. Qxb3
O-O 15. Bxc6 Qxc6 16. Bxf6 gxf6 17. f5 e5 18. Rac1 Kh8 19. Rf2 b5 20. d4 exd4
21. exd4 c4 22. Qb2 Rad8 23. Qd2 Rg8 24. Qh6 Rxd4 25. Re1 Qd6 26. Rfe2 Rd1 27.
Qh4 Rxe1+ 28. Rxe1 Qc5+ 29. Kh1 Qxf5 30. Re7 Qf1+ 31. Kh2 Qxg2# {White
checkmated} 0-1

[Event "Team 45 45 League T78"]
[Site "Internet Chess Club"]
[Date "2018.10.29"]
[Round "6"]
[White "Goli"]
[Black "ascoli"]
[Result "0-1"]
[WhiteElo "1678"]
[BlackElo "1691"]
[Opening "Caro-Kann: Panov-Botvinnik attack, 5...e6"]
[ECO "B14"]
[Time "14:00:42"]
[TimeControl "2700+45"]

1. e4 c6 2. d4 d5 3. exd5 cxd5 4. c4 Nf6 5. Nc3 e6 6. Nf3 Bb4 7. Bd2 O-O 8. Bd3
dxc4 9. Bxc4 Nc6 10. Ne2 Bxd2+ 11. Qxd2 b6 12. O-O Bb7 13. Nc3 Ne7 14. Ne5 Rc8
15. Rad1 Ned5 16. Nxd5 Nxd5 17. Bd3 Nf6 18. f3 Qd5 19. Bb1 Rfd8 20. Qf4 Qb5 21.
Rf2 Rc7 22. Ng4 Nd5 23. Qg5 Rdc8 24. Nf6+ Kh8 25. Nxh7 f6 26. Qh5 Kg8 27. Qg4
Qd7 28. Re1 Rc1 29. Re2 Rxb1 30. Rxb1 Kxh7 31. Rxe6 Nf4 32. Qh4+ Kg8 33. Ree1
Qxd4+ 34. Kh1 Rd8 35. Qg3 Nd3 36. Re2 Nxb2 37. h4 Nd3 38. h5 Qf4 39. Qg6 Ne5 40.
Qc2 Nxf3 41. gxf3 Bxf3+ 42. Rg2 Bxg2+ 43. Qxg2 Rd2 {White resigns} 0-1

[Event "Team 45 45 League T78"]
[Site "Internet Chess Club"]
[Date "2018.10.26"]
[Round "6"]
[White "searchforbobby1"]
[Black "gnat"]
[Result "1/2-1/2"]
[WhiteElo "2081"]
[BlackElo "2079"]
[Opening "French: Winawer, advance, Bogolyubov variation"]
[ECO "C17"]
[Time "22:00:46"]
[TimeControl "2700+45"]

1. e4 e6 2. d4 d5 3. Nc3 Bb4 4. e5 c5 5. Bd2 Bxc3 6. Bxc3 b6 7. Qg4 Kf8 8. Nf3
Ba6 9. O-O-O Ne7 10. h4 h5 11. Qf4 Ng6 12. Qg3 Bxf1 13. Rhxf1 Nc6 14. Ng5 Nce7
15. f4 Nf5 16. Qf2 cxd4 17. Bxd4 Ngxh4 18. Kb1 Rc8 19. Rh1 Nxd4 20. Rxd4 Nf5 21.
Rd3 Rh6 22. Rdh3 h4 23. Rd3 Rc4 24. b3 Rc7 25. Rhd1 Qe7 26. c4 d4 27. Nf3 Rd7
28. Nxd4 Nxd4 29. Rxd4 Rxd4 30. Rxd4 g6 31. Qf3 Kg7 32. Rd6 Qc7 33. Kb2 Rh8 34.
Qg4 Rh5 35. Qf3 Qc5 36. Rc6 Qd4+ 37. Ka3 Rf5 38. g3 hxg3 39. Qxg3 Rxf4 40. Rc8
Rf2 41. Qh3 Qb2+ 42. Ka4 Rh2 43. Qg3 Qxa2+ 44. Kb5 Rh5 45. Kc6 Qe2 46. Kd6 Qd2+
47. Ke7 Qg5+ 48. Qxg5 Rxg5 49. Kd6 Rg3 50. b4 Rd3+ 51. Ke7 g5 52. Rf8 g4 53.
Rxf7+ Kg6 54. Kxe6 g3 55. Rxa7 Kg5 56. c5 bxc5 57. bxc5 Kf4 58. Rf7+ Ke4 59. c6
Rd5 60. Rf4+ Kxf4 61. Kxd5 g2 62. c7 g1=Q 63. c8=Q Qd1+ 64. Kc6 Qc2+ 65. Kd7
Qxc8+ 66. Kxc8 Kxe5 {Game drawn because neither player has mating material}
1/2-1/2

[Event "Team 45 45 League T78"]
[Site "Internet Chess Club"]
[Date "2018.10.28"]
[Round "6"]
[White "Percival"]
[Black "Manon"]
[Result "0-1"]
[WhiteElo "2037"]
[BlackElo "2010"]
[Opening "Dutch defense, Rubinstein variation"]
[ECO "A40"]
[Time "07:07:38"]
[TimeControl "2700+45"]

1. d4 e6 2. c4 f5 3. Nc3 Nf6 4. f3 Bb4 5. Bd2 O-O 6. a3 Be7 7. e3 b6 8. Bd3 Bb7
9. Nh3 Kh8 10. O-O c5 11. Qc2 Nc6 12. d5 Ne5 13. e4 fxe4 14. fxe4 Ba6 15. b3
Nxd3 16. Qxd3 Qc7 17. Rae1 Rad8 18. Ng5 e5 19. Qh3 h6 20. Nf3 Nh7 21. Nh4 Bxh4
22. Qxh4 d6 23. Ne2 b5 24. Rxf8+ Rxf8 25. cxb5 Bxb5 26. Ng3 Qf7 27. Be3 Nf6 28.
h3 Bd3 29. Kh2 Qg6 30. Bd2 Kh7 31. Re3 Bc2 32. Ba5 Qe8 33. Ne2 Qb5 34. Bc7 Qd7
35. Ba5 Bxe4 36. Nc3 g5 37. Qe1 Bxd5 38. Rd3 Bc6 {White resigns} 0-1

[Event "Team 45 45 League T78"]
[Site "Internet Chess Club"]
[Date "2018.10.28"]
[Round "6"]
[White "Monterrey"]
[Black "ArturitoGalacti"]
[Result "1/2-1/2"]
[WhiteElo "1997"]
[BlackElo "1902"]
[Opening "Queen's Indian: Petrosian system"]
[ECO "E12"]
[Time "18:07:43"]
[TimeControl "2700+45"]

1. d4 Nf6 2. c4 e6 3. Nf3 b6 4. a3 Bb7 5. Nc3 Be7 6. Bg5 d5 7. cxd5 Nxd5 8. Bxe7
Qxe7 9. e3 Nd7 10. Bb5 Nxc3 11. bxc3 O-O 12. O-O c6 13. Bd3 e5 14. Qc2 g6 15. e4
Rac8 16. Rfe1 c5 17. d5 c4 18. Bf1 f5 {Game drawn by mutual agreement} 1/2-1/2

[Event "Team 45 45 League T78"]
[Site "Internet Chess Club"]
[Date "2018.10.29"]
[Round "6"]
[White "kidcobra"]
[Black "bobhill"]
[Result "1/2-1/2"]
[WhiteElo "1784"]
[BlackElo "1788"]
[Opening "Sicilian: Tartakower variation"]
[ECO "B53"]
[Time "22:06:38"]
[TimeControl "2700+45"]

1. e4 c5 2. Nf3 d6 3. d4 cxd4 4. c3 dxc3 5. Nxc3 Nc6 6. Bc4 a6 7. O-O Nf6 8. h3
g6 9. Qe2 Bg7 10. Bf4 O-O 11. Rfd1 Qa5 12. Rac1 Nh5 13. Be3 Nf6 14. Bd2 Qh5 15.
Bb3 Ne5 16. Nxe5 Qxe5 17. f4 Qh5 18. Qxh5 Nxh5 19. Nd5 e6 20. Ne7+ Kh8 21. Rc7
Bd4+ 22. Kh2 Bb6 23. Bc3+ Ng7 24. Rxc8 Raxc8 25. Nxc8 Rxc8 26. Rxd6 Bc7 27. Rd7
Kg8 28. Bxg7 Kxg7 29. Bxe6 Bxf4+ 30. g3 Rc2+ 31. Kg1 Be3+ 32. Kh1 Rxb2 33. Bxf7
b6 34. e5 Rd2 35. Bd5+ Kf8 36. Rf7+ Ke8 37. Bb3 Rd7 38. Rf3 Bc5 39. e6 Re7 40.
Bd5 Kd8 41. Kg2 Kc7 42. g4 Kd6 43. Rd3 Ke5 44. Kg3 a5 45. a4 Bb4 46. Ba2 Rc7 47.
h4 Be1+ 48. Kh3 Kf4 49. Rd4+ Kf3 50. Bd5+ Kf2 51. Rf4+ Kg1 52. Bc4 Bf2 53. h5 g5
54. Re4 Re7 55. h6 Re8 56. e7 Bc5 57. Re1+ Kf2 58. Rf1+ Ke3 59. Rf7 Kd4 60. Ba2
Rxe7 61. Rxe7 Bxe7 62. Bg8 Bf8 63. Bxh7 Bxh6 64. Bf5 b5 65. axb5 Kc5 66. Bd7 Kb6
67. Kg3 a4 68. Kf3 a3 69. Be6 Kxb5 70. Ke4 Bf8 71. Kd3 Bg7 72. Kc2 {Game drawn
by mutual agreement} 1/2-1/2

[Event "Team 45 45 League T78"]
[Site "Internet Chess Club"]
[Date "2018.10.27"]
[Round "6"]
[White "janh"]
[Black "HomerSimpson"]
[Result "*"]
[WhiteElo "1922"]
[BlackElo "1996"]
[Opening "Trompowsky attack (Ruth, Opocensk&#305; opening)"]
[ECO "A45"]
[Time "22:15:57"]
[TimeControl "2700+45"]
1. d4 Nf6 2. Bg5 d5 3. Bxf6 exf6 4. e3 Bd6 5. g3 h5 6. h4 Bg4 7. Be2 Qd7 8.
Nd2 b5 9. c3 c6 10. Qc2 a5 11. a4 b4 12. c4 O-O 13. c5 Bc7 14. Bd3 Re8 15.
Ne2 {Game adjourned when Black disconnected} *

[Event "Team 45 45 League T78"]
[Site "Internet Chess Club"]
[Date "2018.10.27"]
[Round "6"]
[White "charles-allen"]
[Black "VictorRed"]
[Result "1-0"]
[WhiteElo "1829"]
[BlackElo "1718"]
[Opening "Bird's opening"]
[ECO "A03"]
[Time "22:02:25"]
[TimeControl "2700+45"]

1. f4 d5 2. Nf3 Nc6 3. e3 Nf6 4. Be2 Bf5 5. O-O h6 6. Ne5 Qd6 7. d4 Nb4 8. Na3
a6 9. c4 e6 10. Bd2 Nc6 11. Rc1 Be7 12. c5 Qd8 13. Nxc6 bxc6 14. Ba5 O-O 15. Nb1
Bxb1 16. Rxb1 Ne4 17. Qc2 f5 18. b4 Qd7 19. a4 Bf6 20. Ra1 g5 21. Rfd1 gxf4 22.
exf4 Qg7 23. Qd3 Kh8 24. Bf3 Rg8 25. Ra2 Kh7 26. g4 Kh8 27. Rg2 Qe7 28. Bxe4
fxe4 29. Qh3 Qg7 30. Kf1 Qh7 31. Bxc7 Bxd4 32. Rxd4 Qxc7 33. Qxh6+ Qh7 34. Qxe6
Qg7 35. Rg3 Rge8 {Black resigns} 1-0

[Event "Team 45 45 League T78"]
[Site "Internet Chess Club"]
[Date "2018.10.25"]
[Round "6"]
[White "QuieroAprender"]
[Black "ChessRooklift"]
[Result "0-1"]
[WhiteElo "1672"]
[BlackElo "1685"]
[Opening "Two knights defense"]
[ECO "C58"]
[Time "19:34:08"]
[TimeControl "2700+45"]

1. e4 e5 2. Nf3 Nc6 3. Bc4 Nf6 4. Ng5 d5 5. exd5 Na5 6. Bb5+ Bd7 7. Qe2 Be7 8.
Qxe5 O-O 9. Bxd7 Nxd7 10. Qc3 Bxg5 11. Qxa5 Re8+ 12. Kf1 Qe7 13. g3 Qe2+ 14. Kg2
Qe4+ 15. Kg1 Qf3 16. d3 Bxc1 17. Nc3 {White resigns} 0-1

[Event "Team 45 45 League T78"]
[Site "Internet Chess Club"]
[Date "2018.10.25"]
[Round "6"]
[White "tightfist"]
[Black "andrew37"]
[Result "0-1"]
[WhiteElo "1489"]
[BlackElo "1673"]
[Opening "English: symmetrical variation"]
[ECO "A37"]
[Time "18:11:25"]
[TimeControl "2700+45"]

1. c4 c5 2. Nc3 Nc6 3. g3 g6 4. Bg2 Bg7 5. Nf3 d6 6. O-O Nf6 7. e3 Be6 8. d3 O-O
9. Re1 Qd7 10. a3 Rab8 11. Rb1 a6 12. b4 b5 13. cxb5 axb5 14. bxc5 dxc5 15. Rxb5
Rxb5 16. Nxb5 Bg4 17. Qc2 Bxf3 18. Bxf3 Ne5 19. Be2 Qxb5 20. d4 Nf3+ 21. Bxf3
cxd4 22. exd4 e6 23. Be3 Qa5 24. Ra1 Rd8 25. Qc5 Qa4 26. Qb4 Qc2 27. Rc1 Qf5 28.
Kg2 Bf8 29. Qb6 Re8 30. a4 Nd5 31. Qb3 Nxe3+ 32. fxe3 Bh6 33. Rc5 Qf6 34. a5 Bf8
35. Rb5 e5 36. dxe5 Rxe5 37. Rxe5 Qxe5 38. a6 Bc5 39. Kf2 Qd6 40. Qd5 Qb6 41.
Qe5 Bd6 42. Qe8+ Kg7 43. Bb7 Qb2+ 44. Kg1 Bc5 45. Qe4 Qc1+ 46. Kf2 Qd2+ 47. Kf3
Qd1+ 48. Kf2 Qd6 49. Qd5 Qf6+ 50. Ke2 Qc3 51. Qd3 Qe5 52. Kf2 h5 53. Kf3 Kh6 54.
Qe4 Qa1 55. Qf4+ Kg7 56. Kg2 Qb2+ 57. Qf2 Qe5 58. Kf3 g5 59. Ke2 f6 60. h3 Qe6
61. h4 Qc4+ 62. Kd2 Bb4+ 63. Kd1 Qd3+ 64. Kc1 Ba3+ 65. Qb2 Qc3+ 66. Kd1 Qxb2 67.
Ke1 Bb4+ 68. Kf1 gxh4 69. gxh4 Bc5 70. Kg1 Bxe3+ 71. Kh1 Qf2 72. Bc8 Qg1# {White
checkmated} 0-1

[Event "Team 45 45 League T78"]
[Site "Internet Chess Club"]
[Date "2018.10.28"]
[Round "6"]
[White "kidcobra"]
[Black "Ajolote"]
[Result "0-1"]
[WhiteElo "1784"]
[BlackElo "1939"]
[Opening "Sicilian: Smith-Morra gambit"]
[ECO "B21"]
[Time "20:09:57"]
[TimeControl "2700+45"]

1. e4 c5 2. d4 cxd4 3. c3 Nf6 4. e5 Nd5 5. cxd4 d6 6. exd6 Qxd6 7. Nf3 Nc6 8.
Nc3 Bg4 9. Be2 Nxc3 10. bxc3 e6 11. Rb1 Qc7 12. Qb3 Rb8 13. Ba3 Bd6 14. Bxd6
Qxd6 15. h3 Bh5 16. O-O O-O 17. g4 Bg6 18. Rbd1 Qf4 19. Nh2 Be4 20. Bd3 Rfd8 21.
Qc2 Bxd3 22. Qxd3 Rbc8 23. Rfe1 Na5 24. Re4 Qc7 25. Rc1 Nc4 26. Nf3 Qa5 27. Re2
Rd5 28. Kg2 Qa4 29. Rcc2 Qc6 30. Kg1 Rcd8 31. Qe4 Qb5 32. Ne5 Nxe5 33. dxe5 Qd3
34. Qxd3 Rxd3 35. Kg2 b6 36. f3 Kf8 37. Kf2 Ke7 38. Re3 Rd1 39. f4 Rh1 40. Rce2
Rh2+ 41. Ke1 Rh1+ 42. Kf2 Rdd1 43. Kg2 Rc1 44. Kf2 Rh2+ 45. Kf3 Rxh3+ 46. Ke4
Rxc3 47. Rxc3 Rxc3 48. Rh2 h6 49. g5 h5 50. Rxh5 Rc2 51. g6 fxg6 52. Rh7 Kf7 53.
Rh8 Rc7 54. Rb8 Re7 55. Ke3 g5 56. fxg5 Kg6 57. Kf4 Rf7+ 58. Kg4 Rf5 59. Rb7
Rxe5 60. Rxa7 Rxg5+ 61. Kf4 Ra5 62. Rc7 Kf6 63. Rc2 g5+ 64. Kg4 Ra4+ 65. Kg3 Kf5
66. Rb2 Ra3+ 67. Kg2 Ra6 68. Rf2+ Kg4 69. Re2 b5 70. Rb2 e5 71. Rb4+ Kf5 72.
Rxb5 Rxa2+ 73. Kg3 Ra3+ 74. Kf2 g4 75. Rb2 Kf4 76. Kg2 g3 77. Rc2 e4 78. Rb2 Rd3
79. Ra2 Rd4 80. Ra8 Rd2+ 81. Kg1 Ke3 82. Rg8 Ke2 83. Rxg3 e3 84. Kg2 Kd1+ 85.
Kh3 e2 86. Rg2 e1=Q 87. Rg3 Qh1+ 88. Kg4 Rd4+ 89. Kf5 Qe4+ 90. Kf6 Qf4+ 91. Kg6
Qxg3+ 92. Kf5 Qe3 93. Kf6 Rf4+ 94. Kg5 Qg3+ 95. Kh5 Rh4# {White checkmated} 0-1

[Event "Team 45 45 League T78"]
[Site "Internet Chess Club"]
[Date "2018.10.27"]
[Round "6"]
[White "Portola"]
[Black "evan7284"]
[Result "1/2-1/2"]
[WhiteElo "1758"]
[BlackElo "1605"]
[Opening "Queen's pawn game"]
[ECO "D00"]
[Time "11:01:10"]
[TimeControl "2700+45"]

1. d4 d5 2. c3 e6 3. Nf3 f5 4. Bf4 c6 5. e3 Nf6 6. Bxb8 Rxb8 7. Ne5 Bd6 8. f4
O-O 9. Nd2 Bxe5 10. dxe5 Ne4 11. Nxe4 fxe4 12. g3 Qe8 13. Qg4 Qf7 14. Be2 Bd7
15. O-O Qe7 16. Rfe1 Rf5 17. Qh3 Rbf8 18. Bg4 R5f7 19. Rad1 g6 20. Qh6 Rg7 21.
h4 Be8 22. Kg2 Rf5 23. Bxf5 gxf5 24. h5 Bf7 25. Qf6 Qe8 26. Rh1 Bxh5 27. Rxh5
Qxh5 28. Qxe6+ Rf7 29. Rf1 {Game drawn by mutual agreement} 1/2-1/2

[Event "Team 45 45 League T78"]
[Site "Internet Chess Club"]
[Date "2018.10.24"]
[Round "6"]
[White "g8wrb"]
[Black "ChessMaine"]
[Result "1-0"]
[WhiteElo "1361"]
[BlackElo "1518"]
[Opening "French: Fort Knox variation"]
[ECO "C03"]
[Time "17:29:42"]
[TimeControl "2700+45"]

1. e4 e6 2. d4 d5 3. Nd2 dxe4 4. Nxe4 Bd7 5. Nf3 Bc6 6. Bd3 Nd7 7. O-O Ngf6 8.
Bg5 Be7 9. Re1 Nxe4 10. Bxe7 Qxe7 11. Bxe4 Bxe4 12. Rxe4 Nf6 13. Re2 O-O-O 14.
c3 Nd5 15. Qa4 Kb8 16. Rae1 g5 17. c4 g4 18. Ne5 Nb6 19. Qd1 h5 20. Rc2 Rhg8 21.
Re4 f6 22. Nd3 e5 23. d5 Rd7 24. b4 Nc8 25. a4 Rgd8 26. a5 Nd6 27. Re1 Nf5 28.
Nc5 Rd6 29. Qa1 Nd4 30. Qxd4 Qh7 31. Qc3 c6 32. Ne4 Qf5 33. Nxd6 Rxd6 34. Rd2
Qc8 35. Rc1 Qf5 36. dxc6 Rxc6 37. Qd3 e4 38. Qd8+ Rc8 39. Qd7 Qe5 40. Qd6+ Qxd6
41. Rxd6 f5 42. Rf6 Rd8 43. Rxf5 Rd2 44. Rxh5 g3 45. hxg3 a6 46. Re5 Kc7 47.
Rxe4 b6 48. axb6+ Kxb6 49. Re6+ Kb7 50. Ra1 Kc7 51. Raxa6 {Black resigns} 1-0

[Event "Team 45 45 League T78"]
[Site "Internet Chess Club"]
[Date "2018.10.28"]
[Round "6"]
[White "Chessfish"]
[Black "krysto"]
[Result "1-0"]
[WhiteElo "1882"]
[BlackElo "1555"]
[Opening "French: Steinitz, Boleslavsky variation"]
[ECO "C11"]
[Time "21:05:08"]
[TimeControl "2700+45"]

1. e4 e6 2. d4 d5 3. Nc3 Nf6 4. e5 Nfd7 5. f4 c5 6. Nf3 Nc6 7. Be3 cxd4 8. Nxd4
Bc5 9. Nxc6 bxc6 10. Bxc5 Nxc5 11. Qd4 Qb6 12. Rd1 a5 13. b3 O-O 14. Be2 Ba6 15.
Bxa6 Rxa6 16. O-O Rb8 17. a4 Qb4 18. Qe3 Nd7 19. Ne2 c5 20. f5 c4 21. Nd4 cxb3
22. cxb3 Nc5 23. f6 Nxb3 24. Nxb3 Qxb3 25. Qg5 {Black resigns} 1-0

[Event "Team 45 45 League T78"]
[Site "Internet Chess Club"]
[Date "2018.10.26"]
[Round "6"]
[White "scostanzo212"]
[Black "DaveTheRook"]
[Result "1/2-1/2"]
[WhiteElo "1523"]
[BlackElo "1593"]
[Opening "Nimzo-Indian: Fischer variation"]
[ECO "E43"]
[Time "19:02:22"]
[TimeControl "2700+45"]

1. d4 Nf6 2. c4 e6 3. Nc3 Bb4 4. e3 b6 5. Bd3 Bb7 6. Nf3 O-O 7. O-O d5 8. Qc2 h6
9. a3 Bxc3 10. Qxc3 Nbd7 11. Nd2 c5 12. dxc5 Nxc5 13. Be2 Qe7 14. b4 Nce4 15.
Nxe4 Nxe4 16. Qb3 Rfd8 17. Rd1 Rac8 18. f3 Nf6 19. Bb2 dxc4 20. Bxc4 Bd5 21.
Bxd5 Rxd5 22. Rxd5 Nxd5 23. e4 Nf6 24. Rd1 Rd8 25. Rxd8+ Qxd8 26. Qc2 {Game
drawn by mutual agreement} 1/2-1/2

[Event "Team 45 45 League T78"]
[Site "Internet Chess Club"]
[Date "2018.10.28"]
[Round "6"]
[White "pokerram"]
[Black "ryanfu2008"]
[Result "1-0"]
[WhiteElo "1585"]
[BlackElo "1489"]
[Opening "Ruy Lopez: 5.O-O"]
[ECO "C78"]
[Time "19:07:41"]
[TimeControl "2700+45"]

1. e4 e5 2. Nf3 Nc6 3. Bb5 a6 4. Ba4 Nf6 5. O-O b5 6. Bb3 Bc5 7. a4 Bb7 8. d3 h6
9. Nc3 b4 10. Nd5 d6 11. c3 a5 12. Nxf6+ Qxf6 13. Bd5 Rb8 14. Be3 Bxe3 15. fxe3
Qg6 16. Nh4 Qg5 17. Bxf7+ Kd7 18. Ng6 Rhd8 19. Qf3 Ne7 20. Qh3+ Kc6 21. Nxe7+
Qxe7 22. cxb4 Kb6 23. Bc4 axb4 24. a5+ Ka7 25. Rf7 Qg5 26. a6 Bc6 27. Rxc7+ Kb6
28. Rxc6+ Kxc6 29. a7 Ra8 30. Bd5+ Kc7 31. Bxa8 Rxa8 32. Qf3 Qg6 33. Qd1 Qg5 34.
Qd2 Qe7 35. Qxb4 Qd7 36. Qa5+ Kc8 37. Qd5 Qb7 38. Qe6+ Qd7 39. Rc1+ Kd8 40. Qg8+
Qe8 41. Qxg7 Qe7 42. Qh8+ Qe8 43. Qxh6 Qe7 44. Qh8+ Qe8 45. Qxe8+ Kxe8 46. Rc7
Kd8 47. Rb7 Kc8 48. Rb8+ Rxb8 49. axb8=Q+ Kxb8 50. h4 {Black resigns} 1-0

[Event "Team 45 45 League T78"]
[Site "Internet Chess Club"]
[Date "2018.10.28"]
[Round "6"]
[White "Pawnchain"]
[Black "liujf"]
[Result "0-1"]
[WhiteElo "1348"]
[BlackElo "1599"]
[Opening "Queen's pawn: London system"]
[ECO "A45"]
[Time "17:00:53"]
[TimeControl "2700+45"]

1. d4 Nf6 2. Bf4 g6 3. Nc3 Bg7 4. e4 d6 5. Qd2 O-O 6. Nf3 c5 7. dxc5 dxc5 8. Qe3
b6 9. Rd1 Nbd7 10. Bb5 Bb7 11. h3 a6 12. Bxd7 Nxd7 13. O-O Qc8 14. Bh6 e5 15.
Bxg7 Kxg7 16. Rd2 Re8 17. Rfd1 Nf6 18. Ne1 Qe6 19. Rd6 Qc4 20. Qf3 Nxe4 21. Nxe4
Bxe4 22. Qf6+ Kg8 23. b3 Qe2 24. Rd7 Rf8 25. R7d2 Qb5 26. f3 Bf5 27. a4 Qb4 28.
Nd3 Bxd3 29. Rxd3 Rae8 {White resigns} 0-1

[Event "Team 45 45 League T78"]
[Site "Internet Chess Club"]
[Date "2018.10.25"]
[Round "6"]
[White "MarcB"]
[Black "chessabc"]
[Result "1-0"]
[WhiteElo "1656"]
[BlackElo "1766"]
[Opening "Réti: old Indian attack"]
[ECO "A06"]
[Time "20:05:11"]
[TimeControl "2700+45"]

1. Nf3 d5 2. d3 c5 3. g3 Nc6 4. Bg2 e5 5. O-O Nf6 6. Nbd2 Be7 7. Re1 Bg4 8. e4
d4 9. h3 Bh5 10. Nf1 h6 11. N1h2 O-O 12. g4 Bg6 13. Nh4 Nd7 14. Nf5 Bg5 15. Bxg5
hxg5 16. Nf3 f6 17. h4 Bxf5 18. exf5 gxh4 19. Nxh4 Ne7 20. Ng6 Re8 21. Bxb7 Rb8
22. Qf3 Nb6 23. Be4 Kf7 24. b3 Nxg6 25. fxg6+ Ke7 26. Rac1 Rh8 27. c3 dxc3 28.
Rxc3 Qd4 29. Rec1 Rbc8 30. a3 Rh4 31. Bf5 Rch8 32. Qb7+ Nd7 33. Kf1 Rh1+ 34. Ke2
Rxc1 35. Rxc1 Qb2+ 36. Kd1 Rd8 37. Qd5 Nf8 38. Qxc5+ Rd6 39. Qxa7+ Nd7 40. Rc7
Qxb3+ 41. Ke2 Qa2+ 42. Ke3 Qd5 43. Rxd7+ Rxd7 44. Qxd7+ Qxd7 45. Bxd7 Kxd7 46.
Ke4 Kd6 47. f4 exf4 48. Kxf4 Kd5 49. a4 Kc5 50. g5 fxg5+ 51. Kxg5 Kb4 52. d4
Kxa4 53. Kf5 Kb5 54. Ke6 {Black resigns} 1-0

[Event "Team 45 45 League T78"]
[Site "Internet Chess Club"]
[Date "2018.10.26"]
[Round "6"]
[White "Timotheous"]
[Black "Insan996"]
[Result "1/2-1/2"]
[WhiteElo "1738"]
[BlackElo "1649"]
[Opening "English opening"]
[ECO "A05"]
[Time "10:10:08"]
[TimeControl "2700+45"]

1. Nf3 Nf6 2. c4 e6 3. g3 b6 4. Bg2 Bb7 5. O-O Be7 6. b3 O-O 7. Bb2 c5 8. d3 d5
9. e3 Nc6 10. Nbd2 Qc7 11. d4 cxd4 12. Nxd4 Nxd4 13. Bxd4 dxc4 14. Bxb7 Qxb7 15.
Nxc4 Rfd8 16. Qe2 h6 17. Rac1 Nh7 18. f3 Bf6 19. Bxf6 Nxf6 20. e4 Rd4 21. Ne5
Rd6 22. Qc4 Rd2 23. a4 Rad8 24. Rf2 Rxf2 25. Kxf2 Rd2+ 26. Kg1 Nd7 27. Qc8+ Qxc8
28. Rxc8+ Kh7 29. Nxd7 Rxd7 30. Rc3 e5 31. h4 g6 32. Kf2 f5 33. exf5 gxf5 34.
Ke3 Kg7 35. Rd3 Rxd3+ 36. Kxd3 Kf6 37. g4 a6 38. Kc4 Ke6 39. Kd3 Kf6 40. Kc4 Ke6
41. Kd3 Kf6 42. Ke3 Ke6 43. Kd3 Kf6 44. Kc4 Ke6 {Game drawn by repetition}
1/2-1/2